 Dungeon Crawl Stone Soup version 0.22-a0-558-gc224181 (webtiles) character file.

1104 Hebeh the Chopper (level 8, 0/70 HPs)
             Began as a Minotaur Fighter on June 27, 2018.
             Was an Initiate of Trog.
             Succumbed to an orc wizard's poison
             ... on level 5 of the Dungeon.
             The game lasted 00:14:26 (3669 turns).

Hebeh the Chopper (Minotaur Fighter)                Turns: 3669, Time: 00:14:27

Health: 0/70       AC:  7    Str: 23    XL:     8   Next: 11%
Magic:  7/7        EV:  8    Int:  5    God:    Trog [......]
Gold:   232        SH: 11    Dex: 10    Spells: 7/7 levels left

rFire    . . .     SeeInvis .   a - +0 war axe
rCold    . . .     Gourm    .   c - +1 shield
rNeg     . . .     Faith    .   b - +0 scale mail
rPois    .         Spirit   .   (helmet restricted)
rElec    .         Reflect  .   (no cloak)
rCorr    .         Harm     .   (no gloves)
MR       .....                  (no boots)
Stlth    ..........             (no amulet)
HPRegen  0.21/turn              s - ring of flight
MPRegen  0.10/turn              (no ring)

@: lethally poisoned (0 -> -7)
A: retaliatory headbutt, horns 2
a: Renounce Religion, Evoke Flight


You were on level 5 of the Dungeon.
You worshipped Trog.
Trog was noncommittal.
You were not hungry.

You visited 1 branch of the dungeon, and saw 5 of its levels.
You also visited: Sewer.

You collected 232 gold pieces.

Inventory:

Hand Weapons
 a - a +0 war axe (weapon)
 g - a +1 spear of piercing
 q - a +1 flail of protection
Armour
 b - a +0 scale mail (worn)
 c - a +1 shield (worn)
Jewellery
 s - a ring of flight (left hand)
Wands
 e - a wand of enslavement (10)
Scrolls
 h - 6 scrolls of identify
 k - 4 scrolls of remove curse
 n - a scroll of magic mapping
 o - a scroll of amnesia {unknown}
 v - 2 scrolls of teleportation
Potions
 d - 2 potions of might
 i - 4 potions of cancellation {unknown}
 j - a potion of flight {unknown}
 l - a potion of resistance {unknown}
 m - a potion of haste {unknown}
 p - a potion of curing {unknown}
 r - a potion of degeneration {unknown}
 t - a potion of berserk rage {unknown}
 u - a potion of brilliance {unknown}
Comestibles
 f - 7 rations
 w - a chunk of flesh


   Skills:
 + Level 6.2 Fighting
 * Level 7.6 Axes
 + Level 6.2 Armour
 + Level 6.3 Shields


You had 7 spell levels left.
You didn't know any spells.
Your spell library was empty.

Dungeon Overview and Level Annotations

Branches:
Dungeon (5/15)             Temple (0/1) D:4

Altars:
Trog

Shops:
D:4 =   D:5 %


Innate Abilities, Weirdness & Mutations

You reflexively headbutt those who attack you in melee.
You have a pair of horns on your head.


Message History

* * * LOW HITPOINT WARNING * * *
You hit the ice beast but do no damage.
* * * LOW HITPOINT WARNING * * *
You feel sick. The ice beast completely misses you.
You closely miss the ice beast. Your headbutt misses the ice beast.
* * * LOW HITPOINT WARNING * * *
You feel sick.
The ice beast hits you but does no damage.
You barely miss the ice beast. You headbutt the ice beast.
The ice beast is lightly wounded.
* * * LOW HITPOINT WARNING * * *
You feel sick. The ice beast closely misses you.
You slash the ice beast!
The ice beast is moderately wounded.
* * * LOW HITPOINT WARNING * * *
You feel sick. You block the ice beast's attack. x2
You slash the ice beast!
You kill the ice beast!
Trog accepts your kill.
You die...

...#^....##.
#.#.#.#.##.
###...#.#.##.
#...##..#..#.
##.####..#..#.
####..# #.##....
..########....##
..##....
........##.####
..###...
#...o)@.#
.##....
#.##.#### #.....
#.. #..... ###.
#..... .. #.....
.. #..... .Y(
#..... ...
#..... #.....


You could see an orc.

Vanquished Creatures
  Sigmund (D:4)
  An ice beast (D:5)
  2 ogres (D:4)
  A crocodile (Sewer)
  A scorpion (D:4)
  A howler monkey (D:5)
  A hound (D:4)
  A gnoll shaman (D:4)
  A bullfrog skeleton (D:3)
  2 orc wizards
  3 worker ants (D:4)
  11 gnolls
  9 adders
  A shadow imp (D:5)
  8 dart slugs
  6 leopard geckos
  11 orcs
  9 giant cockroaches
  8 goblins
  3 hobgoblins
  9 jackals
  10 kobolds
  3 quokkas
  A ball python (D:1)
  6 bats
  4 frilled lizards
  9 rats
123 creatures vanquished.

Notes
Turn   | Place    | Note
-------+----------+-------------------------------------------
     0 | D:1      | Hebeh the Minotaur Fighter began the quest for the Orb.
     0 | D:1      | Reached XP level 1. HP: 19/19 MP: 0/0
    94 | D:1      | Reached skill level 3 in Axes
    94 | D:1      | Reached XP level 2. HP: 26/27 MP: 1/1
   190 | D:1      | Reached XP level 3. HP: 29/33 MP: 2/2
   930 | D:2      | Reached XP level 4. HP: 19/40 MP: 3/3
   943 | D:2      | Reached skill level 4 in Axes
  1679 | D:3      | Reached XP level 5. HP: 42/47 MP: 4/4
  2049 | D:3      | Reached skill level 5 in Axes
  2295 | D:3      | Found a glowing drain.
  2319 | Sewer    | Entered a sewer
  2373 | Sewer    | Noticed a crocodile
  2376 | Sewer    | Killed a crocodile
  2376 | Sewer    | Reached skill level 5 in Armour
  2376 | Sewer    | Reached skill level 5 in Shields
  2376 | Sewer    | Reached XP level 6. HP: 55/55 MP: 5/5
  2511 | D:4      | Reached skill level 5 in Fighting
  2776 | D:4      | Found a bloodstained altar of Trog.
  2784 | D:4      | Became a worshipper of Trog the Wrathful
  2818 | D:4      | Found Satig's Jewellery Boutique.
  2830 | D:4      | Reached skill level 6 in Axes
  2830 | D:4      | Reached XP level 7. HP: 59/61 MP: 6/6
  3131 | D:4      | Noticed Sigmund
  3142 | D:4      | Killed Sigmund
  3161 | D:4      | Found a staircase to the Ecumenical Temple.
  3168 | D:4      | Reached skill level 7 in Axes
  3541 | D:5      | Entered Level 5 of the Dungeon
  3543 | D:5      | Found Honau's Food Emporium.
  3660 | D:5      | Reached XP level 8. HP: 21/70 MP: 7/7
  3666 | D:5      | HP: 2/70 [poisoned by an orc wizard]
  3669 | D:5      | Succumbed to an orc wizard's poison

Vault maps used:
D:1:      eino_arrival_cavern_c
D:3:      gup_sewer_entry_pipe
D:4:      minmay_temple_entry_trees, serial_shops, shop, first_ration,
          bloody_trog, uniq_sigmund
D:5:      serial_shops, nicolae_shop_temple_entry_statues_fountains,
          nicolae_shop_statue_plus
Sewer:    sewer_the_crocodile

Skill      XL: |  1  2  3  4  5  6  7 |
---------------+----------------------+-----
Axes           | 3 4 5 6 7 |  7.6
Shields        | 4 5 6 |  6.3
Fighting       | 4 5 6 |  6.2
Armour         | 4 5 6 |  6.2

Action                   |  1- 3 |  4- 6 |  7- 9 || total
-------------------------+-------+-------+-------++-------
Melee: War axe           |    72 |   166 |    70 ||   308
       Headbutt          |     7 |    22 |    15 ||    44
  Use: Scroll            |       |     4 |     1 ||     5
  Eat: Chunk             |       |     7 |     2 ||     9
Armor: Scale mail        |    26 |    75 |    27 ||   128
Dodge: Dodged            |    29 |    48 |    25 ||   102
Block: Shield            |    43 |    94 |    33 ||   170

Table legend:
 A = Spawn XP
 B = Non-spawn XP
 C = Spawn XP percentage of total XP
 D = Spawn monster count
 E = Non-spawn monster count
 F = Spawn count percentage of total count
 G = Total turns spent on level
                    A         B        C        D         E        F      G
               +---------+---------+-------+---------+---------+-------+---------
         Total |       0 |    1578 |   0.0 |       0 |     123 |   0.0 |  3669
               +---------+---------+-------+---------+---------+-------+---------
           D:1 |       0 |      57 |   0.0 |       0 |      23 |   0.0 |   859
           D:2 |       0 |     133 |   0.0 |       0 |      29 |   0.0 |   813
           D:3 |       0 |     172 |   0.0 |       0 |      32 |   0.0 |   693
           D:4 |       0 |     838 |   0.0 |       0 |      23 |   0.0 |  1034
           D:5 |       0 |     270 |   0.0 |       0 |      10 |   0.0 |   128
         Sewer |       0 |     108 |   0.0 |       0 |       6 |   0.0 |   142
               +---------+---------+-------+---------+---------+-------+---------
